 Dungeon Crawl Stone Soup version 0.30-a0-737-gf23d94013f (webtiles) character file.

Game seed: 14593214770844885898

20474 vineage the Fighter (level 12, -7/84 HPs)
             Began as a Gargoyle Fighter on Feb 2, 2023.
             Was a High Priest of Okawaru.
             Mangled by a cane toad simulacrum (10 damage)
             ... on level 4 of the Lair of Beasts.
             The game lasted 00:13:11 (13489 turns).

vineage the Fighter (Gargoyle Fighter)             Turns: 13489, Time: 00:13:11

Health: -7/84      AC: 29    Str: 35    XL:     12   Next: 79%
Magic:  14/14      EV: 24    Int:  9    God:    Okawaru [*****.]
Gold:   661        SH: 11    Dex: 11    Spells: 11/11 levels left

rFire   . . .      SeeInvis .    d - +1 flail (heavy)
rCold   . . .      Faith    .    h - +0 kite shield
rNeg    + + .      Spirit   .    k - quicksilver dragon scales
rPois   ∞          Reflect  .    (no helmet)
rElec   +          Harm     .    L - +0 cloak
rCorr   .          Rampage  .    f - +2 pair of gloves of Valiance {Contam rPois rN+}
Will    +....                    l - +1 pair of boots
Stlth   +                        i - amulet of the acrobat
HPRegen 0.34/turn                m - +6 ring of strength
MPRegen 0.14/turn                E - +6 ring of strength

@: acrobatic
A: sickness immunity, AC +8, negative energy resistance 1, electricity
resistance, torment resistance 1, petrification resistance
a: Renounce Religion, Heroism, Finesse, Duel


You were on level 4 of the Lair of Beasts.
You worshipped Okawaru.
Okawaru was extremely pleased with you.
You visited 3 branches of the dungeon, and saw 16 of its levels.

You collected 975 gold pieces.
You spent 314 gold pieces at shops.

Inventory:

Hand Weapons
 a - a +0 flail
 d - a +1 heavy flail (weapon)
 n - a +0 broad axe
Armour
 f - the +2 pair of gloves of Valiance (worn) {Contam rPois rN+}
   (You bought it in a shop on level 9 of the Dungeon)

   rPois:     It protects you from poison.
   rN:        It protects you from negative energy.
   Contam:    It causes magical contamination when unequipped.
 h - a +0 kite shield (worn)
 k - quicksilver dragon scales (worn)
 l - a +1 pair of boots (worn)
 L - a +0 cloak (worn)
Jewellery
 i - an amulet of the acrobat (around neck)
 m - a +6 ring of strength (left hand)
 v - a ring of protection from cold
 y - a ring of protection from fire
 E - a +6 ring of strength (right hand)
 N - the ring "Mesifyupt" {rF+ rC- rN+ Dex+5}
   (You found it on level 3 of the Lair of Beasts)

   [ring of positive energy]

   Dex:       It affects your dexterity (+5).
   rF:        It protects you from fire.
   rC:        It makes you vulnerable to cold.
   rN:        It protects you from negative energy.
Scrolls
 j - 3 scrolls of identify
 r - 3 scrolls of enchant weapon
 t - a scroll of blinking
 H - a scroll of teleportation
 I - a scroll of fog
 K - 2 scrolls of vulnerability
Potions
 e - 4 potions of attraction
 g - 7 potions of mutation
 o - 3 potions of might
 p - 2 potions of flight
 q - 10 potions of curing
 u - 2 potions of heal wounds
 w - 2 potions of lignification
 C - 3 potions of ambrosia
 D - a potion of brilliance
 J - a potion of invisibility


   Skills:
 + Level 13.1 Fighting
 * Level 12.3 Maces & Flails
 + Level 10.0 Armour
 + Level 10.0 Shields
 - Level 3.2 Invocations


You had 11 spell levels left.
You didn't know any spells.
Your spell library contained the following spells:

 Spells                   Type           Power      Damage    Failure   Level
 Apportation              Tloc           0%         N/A       75%         1
 Necrotise                Necr           0%         1d4       75%         1
 Blink                    Tloc           0%         N/A       87%         2
 Scorch                   Fire           0%         2d5       87%         2
 Dazzling Flash           Conj/Hex       0%         N/A       98%         3
 Inner Flame              Hex/Fire       0%         N/A       98%         3
 Ozocubu's Armour         Ice            0%         N/A       98%         3
 Cause Fear               Hex            0%         N/A       100%        4
 Flame Wave               Conj/Fire      0%         2d4       100%        4
 Leda's Liquefaction      Hex/Erth       0%         N/A       100%        4
 Manifold Assault         Tloc           0%         N/A       100%        4
 Passage of Golubria      Tloc           0%         N/A       100%        4
 Petrify                  Tmut/Erth      0%         N/A       100%        4
 Agony                    Necr           0%         N/A       100%        5
 Blade Hands              Tmut           0%         N/A       100%        5
 Iskenderun's Battlesphe  Conj           0%         2d6       100%        5
 Metabolic Englaciation   Hex/Ice        0%         N/A       100%        5
 Silence                  Hex/Air        0%         N/A       100%        5
 Yara's Violent Unravell  Hex/Tmut       0%         3d3       100%        5
 Iron Shot                Conj/Erth      0%         9d1       100%        6
 Enfeeble                 Hex            0%         N/A       100%        7
 Storm Form               Tmut/Air       0%         N/A       100%        7
 Discord                  Hex            0%         N/A       100%        8
 Necromutation            Tmut/Necr      0%         N/A       100%        8
 Summon Small Mammal      Summ           Unusable   N/A       N/A         1
 Tukima's Dance           Hex            Unusable   N/A       N/A         3
 Simulacrum               Ice/Necr       Unusable   N/A       N/A         6
 Statue Form              Tmut/Erth      Unusable   N/A       N/A         6
 Summon Cactus Giant      Summ           Unusable   N/A       N/A         6
 Spellforged Servitor     Conj/Summ      Unusable   N/A       N/A         7

Dungeon Overview and Level Annotations

Branches:
Dungeon (11/15)            Temple (1/1) D:6            Lair (4/5) D:10
 Shoals (0/4) Lair:3        Snake (0/4) Lair:3
  Slime: Lair:4-5       Orc: D:9-12

Altars:
Ashenzari
Cheibriados
Dithmenos
Elyvilon
Fedhas
Gozag
Hepliaklqana
Kikubaaqudgha
Makhleb
Nemelex Xobeh
Okawaru
Qazlal
Ru
Sif Muna
Trog
Uskayaw
Vehumet
Wu Jian
Xom
Yredelemnul
Zin
The Shining One

Shops:
D:4 !(   D:5 :   D:9 [

Portals:
Ice
Cave: Lair:4


Innate Abilities, Weirdness & Mutations

You are immune to sickness and miasma.
Your stone body is resilient. (AC +8)
You are immune to poison.
You resist negative energy. (rN+)
You are resistant to electric shocks. (rElec)
You are resistant to unholy torment.
You are immune to petrification.


Message History

You gain the combat prowess of a mighty hero.
The bullfrog gives a loud, deep croak!
You hear an angry hiss.
You block the death yak simulacrum's attack.
The death yak simulacrum completely misses you.
You block the cane toad simulacrum's attack.
You see here a cane toad corpse.
The bullfrog attacks as you move away! The bullfrog barely misses you.
The bullfrog attacks as you move away! The bullfrog misses you.
You hear the faint crackling of a melting archway very nearby.
The bullfrog hits you but does no damage.
The bullfrog attacks as you move away! You block the bullfrog's attack.
You block the bullfrog's attack. The bullfrog attacks as you move away!
You block the bullfrog's attack.
The bullfrog hits you but does no damage.
The bullfrog enters a dispersal trap!
The cane toad simulacrum blinks!
The death yak simulacrum blinks! x2; You blink.
A black mamba comes into view.
The bullfrog blinks!
The black mamba moves out of view.
You block the cane toad simulacrum's attack.
The cane toad simulacrum attacks as you move away!
The cane toad simulacrum misses you.
You feel like a meek peon again.
The cane toad simulacrum attacks as you move away!
The cane toad simulacrum misses you.
The cane toad simulacrum attacks as you move away!
The cane toad simulacrum hits you.
* * * LOW HITPOINT WARNING * * *
The cane toad simulacrum freezes you!
* * * LOW HITPOINT WARNING * * *
The bullfrog barely misses you.
The cane toad simulacrum attacks as you move away!
The cane toad simulacrum hits you but does no damage.
The bullfrog misses you. The bullfrog completely misses you.
The bullfrog attacks as you move away! The bullfrog misses you.
You block the bullfrog's attack.
The cane toad simulacrum attacks as you move away!
The cane toad simulacrum hits you!
* * * LOW HITPOINT WARNING * * *
The cane toad simulacrum freezes you!
You die...

##..#.##..
#.........
##.........
##...####.#.
#...Z## ##
##.^Z..#
#......#
###...FZ.#
#.#...@.##
##.....##
#..<....#
###.##P##
######


You could see a bullfrog, 2 death yak simulacra and a cane toad simulacrum.

Vanquished Creatures
  2 hydras
  2 catoblepae (Lair:3)
  A two-headed ogre (D:11)
  A cyclops (D:11)
  7 black mambas
  8 cane toads
  3 rime drakes (Lair:3)
  2 kobold demonologists (D:9)
  2 komodo dragons
  2 trolls
  A hornet (D:7)
  7 blink frogs (Lair:3)
  Sigmund (D:4)
  A snapping turtle (Lair:3)
  11 yaks
  5 wyverns
  A basilisk (D:11)
  A steam dragon (D:8)
  8 vampire mosquitoes
  Menkaure (D:7)
  Edmund (D:4)
  12 water moccasins
  An orc warrior (D:10)
  3 black bears
  2 ice beasts (D:6)
  6 wolves (Lair:3)
  A centaur (D:5)
  A phantom (D:4)
  7 bullfrogs
  A kobold brigand (D:9)
  A cane toad simulacrum (Lair:4)
  A gnoll sergeant (D:9)
  3 wights (D:7)
  7 killer bees
  8 howler monkeys
  An electric eel (Lair:3)
  5 hounds
  A jelly (D:6)
  5 orc priests
  5 iguanas
  10 orc wizards
  A polar bear simulacrum (Lair:4)
  10 adders
  6 gnolls
  A shadow imp (D:7)
  2 white imps
  2 ufetubi (D:4)
  20 orcs
  4 bats
  5 endoplasms
  A giant cockroach (D:2)
  3 goblins
  4 hobgoblins
  6 jackals
  4 quokkas
  6 ball pythons
  3 frilled lizards
  11 kobolds
  4 rats
242 creatures vanquished.

Vanquished Creatures (others)
  4 fungi
  6 plants
  23 toadstools (Lair:3)
33 creatures vanquished.

Grand Total: 275 creatures vanquished

Notes
Turn   | Place    | Note
-------+----------+-------------------------------------------
     0 | D:1      | vineage the Gargoyle Fighter began the quest for the Orb.
     0 | D:1      | Reached XP level 1. HP: 14/14 MP: 1/1
   178 | D:1      | Reached XP level 2. HP: 19/20 MP: 2/2
   237 | D:1      | Reached skill level 4 in Fighting
   538 | D:2      | Reached XP level 3. HP: 24/24 MP: 3/3
   918 | D:2      | Reached skill level 5 in Fighting
   966 | D:2      | Found a sacrificial altar of Ru.
   998 | D:2      | Reached XP level 4. HP: 27/31 MP: 4/4
  1387 | D:3      | Found a stormy altar of Qazlal.
  1394 | D:3      | Found an ornate altar of the Wu Jian Council.
  1394 | D:3      | Found a sacrificial altar of Ru.
  2177 | D:4      | Noticed a phantom
  2190 | D:4      | Killed a phantom
  2191 | D:4      | Reached skill level 6 in Fighting
  2191 | D:4      | Reached XP level 5. HP: 34/37 MP: 5/5
  2219 | D:4      | Found Intiuc's Weapon Shop.
  2261 | D:4      | Noticed Sigmund
  2272 | D:4      | HP: 1/37 [hound (1)]
  2290 | D:4      | Reached skill level 7 in Fighting
  2290 | D:4      | Reached XP level 6. HP: 12/44 MP: 6/6
  2293 | D:4      | Killed Sigmund
  2294 | D:4      | Reached skill level 8 in Fighting
  2368 | D:4      | Noticed a water moccasin
  2395 | D:4      | HP: 1/44 [water moccasin (4)]
  2398 | D:4      | Killed a water moccasin
  2399 | D:4      | Reached XP level 7. HP: 3/50 MP: 7/7
  2808 | D:4      | Found a white marble altar of Elyvilon.
  2873 | D:4      | Noticed Edmund
  2885 | D:4      | Killed Edmund
  2886 | D:4      | Reached skill level 9 in Fighting
  3292 | D:4      | Found Kuiff's Distillery.
  3295 | D:4      | Bought 2 potions of might for 96 gold pieces
  3543 | D:5      | Entered Level 5 of the Dungeon
  3574 | D:5      | Reached XP level 8. HP: 44/56 MP: 8/8
  3816 | D:5      | Found Voikadig's Book Boutique.
  4009 | D:5      | HP: 1/57 [black bear (3)]
  4541 | D:6      | Found a glowing golden altar of the Shining One.
  4553 | D:6      | Found a snail-covered altar of Cheibriados.
  4715 | D:6      | Reached skill level 10 in Fighting
  4795 | D:6      | Reached skill level 5 in Maces & Flails
  4896 | D:6      | Found a staircase to the Ecumenical Temple.
  4905 | Temple   | Entered the Ecumenical Temple
  5063 | Temple   | Became a worshipper of Warmaster Okawaru
  5102 | D:6      | Reached XP level 9. HP: 61/62 MP: 9/9
  5110 | D:6      | Reached skill level 5 in Armour
  5110 | D:6      | Reached skill level 5 in Shields
  5424 | D:7      | Found a bloodstained altar of Trog.
  5436 | D:7      | Found a basalt altar of Yredelemnul.
  5584 | D:7      | Found a hazy altar of Hepliaklqana.
  5686 | D:7      | Noticed Menkaure
  5691 | D:7      | Killed Menkaure
  5744 | D:7      | Found a broken altar of Ashenzari.
  6104 | D:7      | Noticed a hornet
  6115 | D:7      | Reached * piety under Okawaru
  6127 | D:7      | Killed a hornet
  6715 | D:9      | Noticed a kobold demonologist
  6718 | D:9      | Noticed a kobold demonologist
  6719 | D:9      | Noticed a sun demon
  6988 | D:9      | Found a shimmering altar of Xom.
  6988 | D:9      | Found a glowing silver altar of Zin.
  6988 | D:9      | Noticed an angel
  6995 | D:9      | Noticed an ice devil
  6997 | D:9      | Noticed a smoke demon
  7000 | D:9      | Killed a kobold demonologist
  7038 | D:8      | Reached XP level 10. HP: 31/68 MP: 10/10
  7425 | D:9      | Reached ** piety under Okawaru
  7426 | D:9      | Reached skill level 11 in Fighting
  7436 | D:9      | Killed a kobold demonologist
  8023 | D:9      | Reached skill level 1 in Invocations
  8141 | D:9      | Found Gupalisi's Antique Armour Shop.
  8146 | D:9      | Bought a pair of bloodstained gloves for 218 gold pieces
  8146 | D:9      | Identified the +2 pair of gloves of Valiance {Contam rPois
                  | rN+} (You bought it in a shop on level 9 of the Dungeon)
  8296 | D:10     | Entered Level 10 of the Dungeon
  8446 | D:10     | Found a staircase to the Lair.
  8455 | D:10     | Found a burning altar of Makhleb.
  8483 | D:10     | Reached *** piety under Okawaru
  9133 | D:11     | Noticed a cyclops
  9153 | D:11     | Killed a cyclops
  9153 | D:11     | Reached **** piety under Okawaru
  9162 | D:11     | Reached XP level 11. HP: 70/74 MP: 11/13
  9190 | D:11     | Noticed a two-headed ogre
  9206 | D:11     | Killed a two-headed ogre
  9737 | Lair:1   | Entered Level 1 of the Lair of Beasts
  9976 | Lair:1   | Reached skill level 10 in Maces & Flails
 10023 | Lair:1   | Reached ***** piety under Okawaru
 10024 | Lair:1   | Reached skill level 12 in Fighting
 10784 | Lair:2   | Found the +8 whip "Snakebite" {venom, curare, rPois}
 11215 | Lair:2   | Reached XP level 12. HP: 82/82 MP: 14/14
 11400 | Lair:2   | Noticed a six-headed hydra
 11403 | Lair:2   | Killed a six-headed hydra
 11725 | Lair:3   | Found a staircase to the Snake Pit.
 11802 | Lair:3   | Identified the +1 scale mail "Bukukos" {rPois rC+} (Okawaru
                  | gifted it to you on level 3 of the Lair of Beasts)
 11802 | Lair:3   | Received a gift from Okawaru
 12159 | Lair:3   | Noticed a four-headed hydra
 12167 | Lair:3   | Killed a four-headed hydra
 12472 | Lair:3   | Noticed a catoblepas
 12472 | Lair:3   | Noticed a catoblepas
 12492 | Lair:3   | Found a runed translucent door.
 12582 | Lair:3   | Found a staircase to the Shoals.
 12915 | Lair:3   | Killed a catoblepas
 12916 | Lair:3   | Reached skill level 13 in Fighting
 13199 | Lair:3   | Killed a catoblepas
 13200 | Lair:3   | Reached skill level 10 in Armour
 13200 | Lair:3   | Reached skill level 10 in Shields
 13362 | Lair:3   | Identified the ring "Mesifyupt" {rF+ rC- rN+ Dex+5}
 13365 | Lair:3   | Got the Atlas of the Mutated Tektite
 13459 | Lair:4   | Found a frozen archway.
 13489 | Lair:4   | HP: 3/84 [cane toad simulacrum (7)]
 13489 | Lair:4   | Mangled by a cane toad simulacrum

Illustrated notes

Levels and vault maps discovered:
D:1:      lightli_arrival_noodles, layout_rooms
D:2:      layout_basic, basic_altar, hex_intersection, minmay_ruptured
D:3:      layout_loops_ring, chequers_temple_overflow_statue_of_worship
D:4:      layout_basic, nicolae_overflow_crystal_walls, serial_shops,
          nicolae_diamond_shop, kennysheep_mini, uniq_edmund, uniq_sigmund
D:5:      layout_rooms, serial_shops, kennysheep_mini_moat
D:6:      layout_loops_ring, amethyst_overflow_temple_binary,
          minmay_temple_entry_overgrown, enter_ossuary_5
D:7:      layout_loops_ring, mainiacjoe_overflow_six_doors_small,
          worldfamousw_hep_ancestral_shrine,
          mainiacjoe_overflow_large_starburst, grunt_ministairs_14,
          uniq_menkaure
D:8:      layout_basic
D:9:      layout_small_grid, grunt_temple_overflow_order_and_chaos_1,
          serial_shops, nicolae_shop_hallway_plus
D:10:     layout_rooms, mainiacjoe_overflow_chevrons, lair_entry_dummy
D:11:     layout_cave_pools
Temple:   hellmonk_temple_forest_ring
Lair:1:   layout_concentric_octagons
Lair:2:   minmay_guarded_unrand_snakebite, layout_chaotic_city,
          serial_bayou_pond_e, patterned_corridor
Lair:3:   gammafunk_lair_enchanted_lake, layout_cave_shapes,
          minmay_shoals_entry_hut, dummy_snake_entry
Lair:4:   layout_cave_pods, portal_ice_cave_entry_ice_simulacra,
          serial_bayou_shore_a

Skill      XL: |  1  2  3  4  5  6  7  8  9 10 11 12 |
---------------+-------------------------------------+-----
Fighting       | 4 5 6 7 8 9 10 11 12 13 | 13.1
Maces & Flails | 5 7 9 11 12 | 12.3
Armour         | 4 6 7 9 10 | 10.0
Shields        | 4 6 7 9 10 | 10.0
Invocations    | 3 |  3.2

Action                     |  1- 3 |  4- 6 |  7- 9 | 10-12 || total
---------------------------+-------+-------+-------+-------++-------
  Melee: Flail             |   122 |    26 |   194 |   440 ||   782
         Broad axe         |       |    82 |    11 |       ||    93
 Invoke: Heroism           |       |       |     1 |     5 ||     6
    Use: Scroll            |     6 |     2 |    11 |     7 ||    26
         Potion            |       |     4 |       |     2 ||     6
   Stab: Petrified         |       |       |       |     6 ||     6
 Armour: Scale mail        |    38 |       |       |       ||    38
         Quicksilver drago |    67 |   105 |   198 |   442 ||   812
  Dodge: Dodged            |    71 |    38 |   156 |   343 ||   608
  Block: Buckler           |    25 |       |       |       ||    25
         Kite shield       |    38 |    63 |   157 |   394 ||   652

Table legend: (Time is in decaauts)
 A = Elapsed time spent in this place.
 B = Non-inter-level travel time spent in this place.
 C = Inter-level travel time spent in this place.
 D = Time resting spent in this place.
 E = Time spent auto-exploring this place.
 F = Levels seen in this place.
 G = Mean time per level.
                   A        B        C        D        E       F      G
               +--------+--------+--------+--------+--------+-----+--------+
         Total |  14064 |  13590 |    474 |   2530 |   8731 |  16 |  879.0 |
       Dungeon |   9954 |   9615 |    339 |   1851 |   6065 |  11 |  904.9 |
        Temple |    173 |    147 |     26 |      0 |    138 |   1 |  173.0 |
          Lair |   3936 |   3827 |    109 |    679 |   2528 |   4 |  984.0 |
               +--------+--------+--------+--------+--------+-----+--------+

Top non-repeatable levels by time:
  Lair:3: 1706 daAuts
     D:4: 1441 daAuts
  Lair:2: 1318 daAuts
     D:9: 1149 daAuts
     D:5: 998 daAuts
     D:8: 959 daAuts
     D:7: 923 daAuts
     D:2: 915 daAuts
     D:3: 875 daAuts
  Lair:1: 847 daAuts
    D:10: 846 daAuts
     D:6: 757 daAuts
    D:11: 640 daAuts
     D:1: 447 daAuts
  Temple: 173 daAuts
